 Dungeon Crawl Stone Soup version 0.22-a0-618-gd6a3efe (webtiles) character file.

15881 Amnesiac the Thaumaturge (level 12, -17/83 HPs)
             Began as a Mummy Earth Elementalist on July 13, 2018.
             Was a High Priest of Dithmenos.
             Killed from afar by Psyche (21 damage)
             ... with a puff of flame
             ... on level 12 of the Dungeon.
             The game lasted 00:29:47 (18285 turns).

Amnesiac the Thaumaturge (MuEE)                    Turns: 18285, Time: 00:29:48

Health: -17/83     AC:  7    Str: 11    XL:     12   Next: 5%
Magic:  1/26       EV: 13    Int: 23    God:    Dithmenos [*****.]
Gold:   712        SH:  0    Dex: 13    Spells: 17/31 levels left

rFire    x . .     SeeInvis .   b - +1 arbalest
rCold    + . .     Gourm    .   (shield currently unavailable)
rNeg     + + +     Faith    .   y - +0 troll leather armour
rPois    ∞         Spirit   .   (no helmet)
rElec    .         Reflect  .   f - +1 cloak
rCorr    .         Harm     .   m - +0 pair of gloves
MR       +....                  (no boots)
Stlth    ++++......             (no amulet)
HPRegen  0.63/turn              (no ring)
MPRegen  0.20/turn              o - +4 ring of intelligence

@: wreathed by umbra
A: no food or potions, fire vulnerability, cold resistance 1, negative energy
resistance 3, torment resistance, unbreathing
a: Shadow Step, Shadow Form, Renounce Religion


You were on level 12 of the Dungeon.
You worshipped Dithmenos.
Dithmenos was extremely pleased with you.
You were not hungry.

You visited 1 branch of the dungeon, and saw 12 of its levels.

You collected 712 gold pieces.

Inventory:

Hand Weapons
 a - a +2 dagger of freezing
 b - a +1 arbalest (weapon)
Missiles
 n - 51 bolts (quivered)
 r - 442 stones
Armour
 f - a +1 cloak (worn)
 g - a +0 buckler
 m - a +0 pair of gloves (worn)
 t - a +0 crystal plate armour
 y - a +0 troll leather armour (worn)
Magical Staves
 u - an uncursed staff of air
Jewellery
 o - a +4 ring of intelligence (right hand)
Wands
 c - a wand of flame (36)
 p - a wand of digging (8)
 v - a wand of polymorph (12)
 x - a wand of enslavement (9)
Scrolls
 d - 3 scrolls of amnesia {!r}
 e - 5 scrolls of identify {!r}
 h - 2 scrolls of noise {!r}
 i - 3 scrolls of teleportation {!r}
 k - 6 scrolls of remove curse {!r}
 l - a scroll of blinking {!r}
 s - 3 scrolls of fog {!r}


   Skills:
 - Level 4.0 Fighting
 * Level 7.3 Short Blades
 - Level 4.0 Dodging
 + Level 5.7 Stealth
 - Level 4.0 Shields
 - Level 10.0 Spellcasting
 - Level 1.0 Transmutations
 - Level 10.0 Earth Magic
 - Level 4.0 Invocations


You had 17 spell levels left.
You knew the following spells:

 Your Spells              Type           Power        Failure   Level  Hunger
a - Stone Arrow           Conj/Erth      ####..       2%          3    N/A
b - Passwall              Tmut/Erth      #####...     1%          2    N/A
d - Lee's Rapid Deconstr  Erth           ######....   3%          5    N/A
e - Petrify               Tmut/Erth      #####...     8%          4    N/A

Your spell library contained the following spells:

 Spells                   Type           Power        Failure   Level  Hunger
 Sandblast                Erth           ######       1%          1    N/A

Dungeon Overview and Level Annotations

Branches:
Dungeon (12/15)            Temple (0/1) D:6            Lair (0/6) D:10
    Orc (0/2) D:12

Altars:
Ashenzari
Dithmenos
Fedhas
Gozag
Hepliaklqana
Makhleb
Qazlal
Sif Muna
Trog
Wu Jian
Xom
Zin
The Shining One

Shops:
D:5 =   D:11 %**[

Annotations:
D:12 Psyche


Innate Abilities, Weirdness & Mutations

You do not eat or drink.
Your flesh is vulnerable to fire.
You are immune to poison.
Your flesh is cold resistant. (rC+)
You are immune to negative energy. (rN+++)
You are immune to unholy pain and torment.
You can survive without breathing.


Message History

t - Shout!
Orders for allies: a - Attack new target. r - Retreat! s - Stop attacking. g - Guard the area. f - Follow me.
Anything else - Cancel.
Gang up on whom?
Press: ? - help, Dir - move target cursor, f - centaur warrior zombie
Aim: a centaur warrior zombie (hasn't noticed you, umbra) Attack!
Psyche hits the centaur warrior zombie but does no damage.
The centaur warrior zombie suddenly stops moving!
Psyche hits the centaur warrior zombie with a dagger of chaos.
Space warps horribly around the centaur warrior zombie!
Psyche hits the centaur warrior zombie but does no damage.
Psyche hits the centaur warrior zombie with a dagger of chaos.
Psyche hits the centaur warrior zombie with a dagger of chaos.
Psyche burns the centaur warrior zombie.
Psyche completely misses the centaur warrior zombie.
Casting: Lee's Rapid Deconstruction (safe; 3% risk of failure)
Confirm with . or Enter, or press ? or * to list all spells.
Aiming: Stone Arrow (safe; 2% risk of failure)
Press: ? - help, Shift-Dir - straight line, f/p - centaur warrior zombie
Aim: a centaur warrior zombie (moderately damaged, paralysed, umbra) Really fire in your ally Psyche's direction?
The stone arrow hits Psyche.
Psyche is severely wounded.
Psyche is no longer charmed.
You can no longer detect the Psyche.
You hear some strange, mumbled words.
A puff of frost appears from out of thin air!
Deactivating autopickup; reactivate with Ctrl-A.
The puff of frost misses you. Something hits you but does no damage.
Firing (i - inventory. (/) - cycle)
n - 52 bolts (quivered)
Press: ? - help, Shift-Dir - straight line, f/p - centaur warrior zombie
Aim: a centaur warrior zombie (moderately damaged, paralysed, umbra)
You shoot a bolt.
The centaur warrior zombie is no longer paralysed.
Something hits you.
You are electrocuted!
* * * LOW HITPOINT WARNING * * *
Something hits you but does no damage. Something hits you.
* * * LOW HITPOINT WARNING * * *
You are electrocuted!
* * * LOW HITPOINT WARNING * * *
Unknown command.
Unknown command.
Evoke which item? (* to show all) (? for menu, Esc to quit)
Aiming: Enslavement
Press: ? - help, Shift-Dir - straight line, f/p - centaur warrior zombie
Aim: a centaur warrior zombie (moderately damaged, fast, umbra, chance to defeat MR: 51%) Nothing appears to happen.
Something hits you.
* * * LOW HITPOINT WARNING * * *
Space bends around you.
* * * LOW HITPOINT WARNING * * *
Something hits you but does no damage.
Evoke which item? (* to show all) (? for menu, Esc to quit)
Aiming: Enslavement
Press: ? - help, Shift-Dir - straight line, f/p - centaur warrior zombie
Aim: a centaur warrior zombie (moderately damaged, fast, umbra, chance to defeat MR: 51%) Nothing appears to happen.
Something hits you.
* * * LOW HITPOINT WARNING * * *
You hear some strange, mumbled words.
A puff of flame appears from out of thin air!
The puff of flame hits you! The fire burns you terribly!
You die...

.. #. ###'# ##.#### #...
....... ####.#######
....... #......>...#
....... #..........#
....... ######..........#
.......##....)...........
......Z(@.####..........#
.......#### #..........#
....... #..........#
....[.. ##.#########
....... #.. ....... ##..
#..#### #. ##.


You could see a centaur warrior zombie.

Vanquished Creatures
  4 two-headed ogres
  Harold (D:12)
  2 unseen horrors (D:11)
  A manticore (D:12)
  Maurice (D:12)
  A gargoyle (D:12)
  A troll (D:10)
  2 hornets (D:11)
  Prince Ribbit (D:8)
  10 yaks
  Eustachio (D:4)
  Sigmund (D:6)
  3 wyverns
  A wraith (D:12)
  5 hungry ghosts
  Grum (D:8)
  3 vampire mosquitoes (D:12)
  A soldier ant (D:12)
  2 hell hounds (D:10)
  A water moccasin (D:9)
  2 orc warriors
  2 phantoms (D:11)
  3 sky beasts
  3 ice beasts
  4 wolves
  4 ogres
  12 centaurs
  Blork the orc (D:4)
  2 big kobolds
  9 bullfrogs
  2 troll zombies (D:12)
  A wyvern skeleton (D:11)
  A water moccasin zombie (D:12)
  A scorpion (D:5)
  A killer bee (D:12)
  7 howler monkeys
  3 wights (D:9)
  An electric eel (D:11)
  7 crimson imps
  A quasit (D:7)
  2 centaur zombies
  6 orc priests
  11 hounds
  3 jellies
  Crazy Yiuf (D:3)
  2 centaur skeletons
  3 iguanas
  16 orc wizards
  14 worker ants
  4 ogre zombies (D:12)
  A worker ant zombie (D:11)
  A howler monkey skeleton (D:4)
  13 adders
  A shadow imp (D:5)
  An ooze (D:5)
  An adder zombie (D:6)
  3 worms
  4 dart slugs
  2 leopard geckos
  49 orcs
  8 giant cockroaches
  8 goblins
  4 hobgoblins
  10 jackals
  18 kobolds
  6 quokkas
  4 ball pythons
  9 bats
  5 frilled lizards
  A goblin skeleton (D:12)
  2 goblin zombies (D:12)
  3 hobgoblin zombies (D:12)
  A jackal skeleton (D:5)
  An orc skeleton (D:12)
  10 orc zombies (D:12)
  7 rats
345 creatures vanquished.

Vanquished Creatures (others)
  2 fungi (D:4)
2 creatures vanquished.

Grand Total: 347 creatures vanquished

Notes
Turn   | Place    | Note
-------+----------+-------------------------------------------
     0 | D:1      | Amnesiac the Mummy Earth Elementalist began the quest for the Orb.
     0 | D:1      | Reached XP level 1. HP: 13/13 MP: 4/4
    95 | D:1      | Reached XP level 2. HP: 6/19 MP: 0/5
   145 | D:1      | Learned a level 2 spell: Passwall
   390 | D:2      | Reached skill level 1 in Transmutations
   887 | D:3      | Found a shadowy altar of Dithmenos.
   892 | D:3      | Became a worshipper of Dithmenos the Shadowed
   910 | D:3      | Reached XP level 3. HP: 24/24 MP: 3/7
  1593 | D:2      | Reached XP level 4. HP: 12/30 MP: 0/9
  2019 | D:2      | Reached * piety under Dithmenos
  2051 | D:2      | Found an opulent altar of Gozag.
  2516 | D:3      | Found a shattered altar of Ashenzari.
  2582 | D:3      | Found a glowing golden altar of the Shining One.
  2722 | D:3      | Found a runed door.
  3003 | D:3      | Reached XP level 5. HP: 35/35 MP: 11/11
  3336 | D:3      | Noticed Crazy Yiuf
  3383 | D:3      | Killed Crazy Yiuf
  3513 | D:4      | Reached skill level 1 in Short Blades
  3668 | D:4      | Reached XP level 6. HP: 32/41 MP: 7/12
  3674 | D:4      | Learned a level 4 spell: Petrify
  3680 | D:4      | Learned a level 5 spell: Lee's Rapid Deconstruction
  3767 | D:4      | Noticed Blork the orc
  3768 | D:4      | Found a blossoming altar of Fedhas.
  3803 | D:4      | Killed Blork the orc
  4246 | D:4      | Noticed Eustachio
  4252 | D:4      | Killed Eustachio
  4252 | D:4      | Reached skill level 5 in Spellcasting
  4252 | D:4      | Reached skill level 5 in Earth Magic
  4252 | D:4      | Reached XP level 7. HP: 36/46 MP: 7/14
  4387 | D:4      | Found a shimmering altar of Xom.
  4387 | D:4      | Found a faded altar of an unknown god.
  4392 | D:4      | Found a bloodstained altar of Trog.
  4394 | D:4      | Found a faded altar of an unknown god.
  4396 | D:4      | Found a deep blue altar of Sif Muna.
  4465 | D:5      | Entered Level 5 of the Dungeon
  5181 | D:5      | Learned a level 3 spell: Stone Arrow
  5616 | D:5      | Found Fiduf's Jewellery Shop.
  5637 | D:5      | Reached ** piety under Dithmenos
  5733 | D:5      | Reached XP level 8. HP: 31/52 MP: 1/17
  6569 | D:5      | Got a twisted spear {distort}
  6571 | D:5      | Found a burning altar of Makhleb.
  7833 | D:6      | Found a staircase to the Ecumenical Temple.
  7906 | D:6      | Reached *** piety under Dithmenos
  8048 | D:6      | Noticed Sigmund
  8051 | D:6      | Killed Sigmund
  8086 | D:6      | Reached XP level 9. HP: 52/57 MP: 2/21
  8204 | D:6      | Found a stormy altar of Qazlal.
  8458 | D:6      | Found an ornate altar of the Wu Jian Council.
 10247 | D:8      | Noticed Grum
 10542 | D:8      | Noticed a two-headed ogre
 10565 | D:8      | Killed a two-headed ogre
 11003 | D:8      | Reached **** piety under Dithmenos
 11184 | D:8      | Reached skill level 10 in Spellcasting
 11184 | D:8      | Reached skill level 10 in Earth Magic
 11261 | D:7      | Reached skill level 1 in Shields
 11261 | D:7      | Reached XP level 10. HP: 45/63 MP: 20/24
 11390 | D:8      | Killed Grum
 11480 | D:8      | Found a deep blue altar of Sif Muna.
 12143 | D:8      | Noticed Prince Ribbit
 12152 | D:8      | Killed Prince Ribbit
 12539 | D:8      | Found an opulent altar of Gozag.
 12783 | D:8      | Found a glowing silver altar of Zin.
 13533 | D:9      | Found a hazy altar of Hepliaklqana.
 13868 | D:9      | Reached skill level 1 in Fighting
 14297 | D:10     | Entered Level 10 of the Dungeon
 14473 | D:10     | Found a staircase to the Lair.
 14493 | D:10     | Noticed a two-headed ogre
 14497 | D:10     | Killed a two-headed ogre
 14958 | D:10     | Reached XP level 11. HP: 69/77 MP: 25/25
 15492 | D:11     | Noticed a two-headed ogre
 15497 | D:11     | Noticed a two-headed ogre
 15531 | D:11     | HP: 1/77 [hornet (3)]
 15952 | D:11     | Found Gaos Vevo's Food Boutique.
 16024 | D:11     | Killed an unseen horror
 16742 | D:11     | Found Zyoday's General Store.
 16743 | D:11     | Found Odaxanorih's General Store.
 16843 | D:11     | Killed a two-headed ogre
 16843 | D:11     | Reached skill level 5 in Short Blades
 16948 | D:11     | Found Qoodul's Armour Emporium.
 17124 | D:11     | Killed an unseen horror
 17186 | D:11     | Killed a two-headed ogre
 17391 | D:12     | Noticed Maurice
 17404 | D:12     | Killed Maurice
 17534 | D:12     | Reached skill level 5 in Stealth
 17701 | D:12     | Reached ***** piety under Dithmenos
 17850 | D:12     | HP: 1/77 [wraith (4)]
 18163 | D:12     | Found a staircase to the Orcish Mines.
 18234 | D:12     | Noticed Harold
 18267 | D:12     | Killed Harold
 18267 | D:12     | Reached XP level 12. HP: 46/83 MP: 0/26
 18268 | D:12     | Noticed Psyche
 18285 | D:12     | HP: 4/83 [something (4)]
 18285 | D:12     | Killed from afar by Psyche

Vault maps used:
D:1:      co_arrival_square_in_a_square_in_a_square
D:2:      first_ration, grunt_gozag_statues
D:3:      lemuel_doored_altar, tso_altar, ashenzari_conservatory_becter,
          uniq_crazy_yiuf_cottage
D:4:      fedhas_altar_3, chequers_temple_overflow_minitemple, minivault_23,
          kennysheep_crisscross, minivault_27, minmay_ruptured, uniq_eustachio,
          uniq_blork_the_orc
D:5:      lemuel_coloured_pillars_altar, serial_shops, nicolae_shop_stone,
          st_stairs_9
D:6:      nicolae_overflow_hidden_temple, nicolae_overflow_crystal_walls,
          temple_fountains, uniq_sigmund
D:7:      grunt_ogre_cave, kennysheep_generic_room_14
D:8:      kennysheep_mini, kennysheep_little_box, minmay_stone_trees_large,
          minmay_stone_trees_small, supply_closet_lemuel, lemuel_blue_sif_altar,
          uniq_prince_ribbit1, uniq_grum
D:9:      kennysheep_mini_moat
D:10:     minmay_lair_entry_lava
D:11:     serial_shops, nicolae_shop_temple_entry_statues_fountains,
          nicolae_shop_waterfront, nicolae_shop_waterfront, shop
D:12:     zombieorc1_lemuel, st_stairs_1, uniq_fannar, uniq_harold, uniq_psyche,
          uniq_maurice, uniq_kirke

Skill      XL: |  1  2  3  4  5  6  7  8  9 10 11 |
---------------+----------------------------------+-----
Spellcasting   | 3 4 5 6 8 10 | 10.0
Earth Magic    | 3 4 5 6 8 10 | 10.0
Transmutations | 1 |  1.0
Stealth        | 2 5 |  5.7
Short Blades   | 1 2 7 |  7.3
Shields        | 1 4 |  4.0
Dodging        | 4 |  4.0
Fighting       | 4 |  4.0
Invocations    | 3 4 |  4.0

Action                   |  1- 3 |  4- 6 |  7- 9 | 10-12 || total
-------------------------+-------+-------+-------+-------++-------
Melee: Dagger            |    48 |    38 |   103 |    14 ||   203
       Short sword       |    54 |     4 |       |       ||    58
       Rapier            |       |    86 |       |       ||    86
 Fire: Arbalest          |       |       |   162 |   429 ||   591
 Cast: Sandblast         |    31 |    57 |    31 |       ||   119
       Petrify           |       |       |    19 |    13 ||    32
       Stone Arrow       |       |       |   112 |   124 ||   236
       Passwall          |       |       |     1 |     5 ||     6
       Lee's Rapid Decon |       |       |       |    12 ||    12
Evoke: Wand              |       |       |       |     8 ||     8
  Use: Scroll            |       |       |    11 |     5 ||    16
 Stab: Sleeping          |     2 |     5 |     1 |       ||     8
       Distracted        |       |     1 |       |       ||     1
       Petrified         |       |       |    17 |     9 ||    26
Armor: Robe              |    25 |    28 |    21 |       ||    74
       Leather armour    |       |       |    59 |    35 ||    94
       Troll leather arm |       |       |       |    87 ||    87
Dodge: Dodged            |   101 |   110 |   248 |   411 ||   870

Table legend:
 A = Spawn XP
 B = Non-spawn XP
 C = Spawn XP percentage of total XP
 D = Spawn monster count
 E = Non-spawn monster count
 F = Spawn count percentage of total count
 G = Total turns spent on level
                    A         B        C        D         E        F      G
               +---------+---------+-------+---------+---------+-------+---------
         Total |       0 |   22688 |   0.0 |       0 |     345 |   0.0 | 18285
               +---------+---------+-------+---------+---------+-------+---------
           D:1 |       0 |      35 |   0.0 |       0 |      20 |   0.0 |   921
           D:2 |       0 |     107 |   0.0 |       0 |      27 |   0.0 |   922
           D:3 |       0 |     135 |   0.0 |       0 |      30 |   0.0 |  1963
           D:4 |       0 |     751 |   0.0 |       0 |      21 |   0.0 |  1592
           D:5 |       0 |    1122 |   0.0 |       0 |      37 |   0.0 |  2274
           D:6 |       0 |     827 |   0.0 |       0 |      22 |   0.0 |  1098
           D:7 |       0 |    1353 |   0.0 |       0 |      26 |   0.0 |  1935
           D:8 |       0 |    3257 |   0.0 |       0 |      32 |   0.0 |  2720
           D:9 |       0 |    1280 |   0.0 |       0 |      25 |   0.0 |   885
          D:10 |       0 |    2850 |   0.0 |       0 |      19 |   0.0 |   992
          D:11 |       0 |    6710 |   0.0 |       0 |      41 |   0.0 |  2202
          D:12 |       0 |    4261 |   0.0 |       0 |      45 |   0.0 |   781
               +---------+---------+-------+---------+---------+-------+---------
